 Dungeon Sprint DCSS version 0.28.0-43-g3370ac3207 (webtiles) character file.

Game seed: 18032891095657455218

926 boopmooplesden the Cleaver (level 7, 0/79 HPs)
             Began as a Minotaur Berserker on Mar 9, 2022.
             Was an Elder of Trog.
             Slain by a boulder beetle (6 damage)
             ... in the Dungeon (Sprint II: "The Violet Keep of Menkaure").
             The game lasted 00:01:01 (741 turns).

boopmooplesden the Cleaver (Minotaur Berserker)      Turns: 741, Time: 00:01:02

Health: 0/79       AC:  2    Str: 24    XL:     7   Next: 85%
Magic:  6/6        EV: 13    Int:  4    God:    Trog [****..]
Gold:   729        SH:  0    Dex:  9    Spells: 6/6 levels left

rFire   . . .      SeeInvis .   a - +0 hand axe
rCold   . . .      Faith    .   (no shield)
rNeg    . . .      Spirit   .   b - +0 animal skin
rPois   .          Reflect  .   (helmet restricted)
rElec   .          Harm     .   (no cloak)
rCorr   .          Rampage  .   (no gloves)
Will    .....      NoTele   +   (no boots)
Stlth   +.........              (no amulet)
HPRegen 0.23/turn               (no ring)
MPRegen 0.10/turn               (no ring)

@: on berserk cooldown, slowed, very slow
A: horns 2, retaliatory headbutt
a: Renounce Religion, Berserk, Trog's Hand, Brothers in Arms


You were in the Dungeon.
You worshipped Trog.
Trog was greatly pleased with you.
You visited 1 branch You collected 729 gold pieces.

Inventory:

Hand Weapons
 a - a +0 hand axe (weapon)
Armour
 b - a +0 animal skin (worn)
Scrolls
 h - a scroll of blinking
Potions
 c - a potion of curing
 d - a potion of heal wounds
 e - a potion of haste
 f - 2 potions of magic
 g - a potion of berserk rage


   Skills:
 + Level 13.2 Fighting
 + Level 13.3 Axes
 + Level 7.0 Armour
 + Level 6.8 Dodging


You had 6 spell levels left.
You didn't know any spells.
Your spell library was empty.

Dungeon Overview and Level Annotations

Branches:
Dungeon (1/1)

Altars:

Shops:
D ([!=?:[(!*?[=(


Innate Abilities, Weirdness & Mutations

You have a pair of horns on your head.
You reflexively headbutt those who attack you in melee.


Message History

Found Xafrif's Distillery.
Found 81 gold pieces.
Found four shops.
Found Okuele's Assorted Antiques.
You open the door.
Your unstable footing causes you to fumble your attack.
The boulder beetle closely misses you.
A red film seems to cover your vision as you go berserk!
You feel yourself moving faster!
You feel mighty! The boulder beetle barely misses you.
Your unstable footing causes you to fumble your attack.
Your unstable footing causes you to fumble your attack.
The boulder beetle bites you!!
You hit the boulder beetle but do no damage.
You hit the boulder beetle. You headbutt the boulder beetle.
The boulder beetle is lightly wounded.
You hit the boulder beetle.
The boulder beetle is lightly wounded.
The boulder beetle bites you!
Your unstable footing causes you to fumble your attack.
You hit the boulder beetle.
The boulder beetle is lightly wounded.
The boulder beetle leaps!
There is an open door here.
You feel a strong urge to attack something.
The boulder beetle curls into a ball and begins rolling!
You are no longer berserk.
You are exhausted.
You feel yourself slow down.
You hit the boulder beetle but do no damage.
The boulder beetle is lightly wounded.
The boulder beetle hits you!!!
Ouch! That really hurt!
* * * LOW HITPOINT WARNING * * *
The boulder beetle stops rolling and uncurls.
You hit the boulder beetle but do no damage.
You headbutt the boulder beetle, but do no damage.
The boulder beetle is lightly wounded.
You hit the boulder beetle but do no damage.
The boulder beetle bites you.
You die... #≈≈§SSS≈≈≈ # #§SSSSS

###≈≈#+++#+++##
######≈≈≈.........#
..∩.∩#≈≈≈≈.##'##..#
..∩.∩.#≈≈≈≈##...##.####
.∩....#≈≈≈≈#..#..#....#
∩.∩...#≈≈####.).####..##
.∩....#≈##@###+###.##..#
∩.∩...#≈#.BB##B##...#..#
.∩.∩..+≈'###'.<.'.##+..###
..∩.∩.#≈#$..##.##...#....##
▓▓▓▓###≈##.###'###.##§§....
$######≈≈####††#####≈≈§§§..
##≈≈≈#..##.#≈≈≈≈§≈≈..
#'#≈##.#.##≈≈≈≈≈≈§≈.
#|#≈≈##+##≈≈≈§§≈≈§≈≈


You could see 2 boulder beetles.

Vanquished Creatures
  A merfolk siren (D)
  A vampire mosquito (D)
  Menkaure (D)
  A water moccasin (D)
  4 necrophages (D)
  3 worms (D)
11 creatures vanquished.

Vanquished Creatures (others)
  A water moccasin (D)
1 creature vanquished.

Grand Total: 12 creatures vanquished

Notes
Turn   | Place    | Note
-------+----------+-------------------------------------------
     0 | D        | boopmooplesden the Minotaur Berserker began the quest for
                  | the Orb.
     0 | D        | Reached XP level 1. HP: 19/19 MP: 0/0
     1 | D        | Noticed a merfolk siren
    13 | D        | Killed a merfolk siren
    14 | D        | Reached skill level 10 in Fighting
    14 | D        | Reached skill level 10 in Axes
    14 | D        | Reached skill level 5 in Armour
    14 | D        | Reached skill level 5 in Dodging
    14 | D        | Reached XP level 2. HP: 16/39 MP: 1/1
    14 | D        | Reached XP level 3. HP: 19/46 MP: 2/2
    14 | D        | Reached XP level 4. HP: 21/52 MP: 3/3
    14 | D        | Reached XP level 5. HP: 24/59 MP: 4/4
    14 | D        | Reached XP level 6. HP: 27/67 MP: 5/5
    84 | D        | Noticed Menkaure
    89 | D        | Killed Menkaure
    89 | D        | Reached ** piety under Trog
    95 | D        | Noticed a water moccasin
    99 | D        | Killed a water moccasin
   101 | D        | Found Coydafry's Antique Weapon Shoppe.
   234 | D        | Killed a water moccasin
   291 | D        | Reached XP level 7. HP: 75/75 MP: 6/6
   299 | D        | Reached *** piety under Trog
   323 | D        | Reached **** piety under Trog
   488 | D        | Noticed a boulder beetle
   488 | D        | Noticed a boulder beetle
   714 | D        | Found Yjuluoph's Jewellery Emporium.
   715 | D        | Found Toifuots's Magic Scroll Shoppe.
   716 | D        | Found Boital's Distillery.
   716 | D        | Found Rad Etutu's Antique Weapon Emporium.
   716 | D        | Found Kynuk's Armour Shoppe.
   717 | D        | Noticed a vampire mosquito
   719 | D        | Killed a vampire mosquito
   723 | D        | Found Eridaoly's Magic Scroll Emporium.
   723 | D        | Found Weopn's Jewellery Shoppe.
   724 | D        | Found Xafrif's Distillery.
   725 | D        | Found Niur's Antique Armour Shoppe.
   725 | D        | Found Fulusk's Antique Weapon Emporium.
   725 | D        | Found Vumofes's Antique Armour Shoppe.
   725 | D        | Found Guth's Book Emporium.
   726 | D        | Found Okuele's Assorted Antiques.
   741 | D        | Slain by a boulder beetle

Illustrated notes

Levels and vault maps discovered:
D:        the_violet_keep_of_menkaure [sprint2_stairs_cluster_1,
          sprint2_shoproom, sprint2_temple, sprint2_basic_supplies,
          sprint2_obstacle_5, sprint2_obstacle_2, sprint2_obstacle_7,
          sprint2_obstacle_6, sprint2_obstacle_1, sprint2_timed_cluster_1,
          sprint2_smallroom_cluster_1, sprint2_smallroom_final_cluster_1,
          sprint2_transparent_cluster_1, sprint2_second_timed_cluster_1,
          sprint2_sniper_area_1, sprint2_heavy_combat_area_1,
          sprint2_mutation_trap_area_1, sprint2_forest_area_1,
          sprint2_light_combat_area_1, sprint2_behind_water_1,
          sprint2_near_end_vault_1]

Skill      XL: |  1  2  3  4  5  6  7 |
---------------+----------------------+-----
Fighting       | 10 11 13 | 13.2
Axes           | 10 11 13 | 13.3
Armour         | 5 6 7 |  7.0
Dodging        | 5 6 |  6.8

Action                   |  1- 3 |  4- 6 |  7- 9 || total
-------------------------+-------+-------+-------++-------
Melee: Hand axe          |    10 |     9 |    36 ||    55
       Headbutt          |     3 |     2 |    10 ||    15
Invok: Berserk           |       |     1 |     1 ||     2
Armor: Animal skin       |       |     1 |     3 ||     4
Dodge: Dodged            |     4 |     4 |     7 ||    15
